 Dungeon Crawl Stone Soup version 0.31-a0-626-g8143ab4f1d (webtiles) character file.

Game seed: 90469226409576096

273 funkygono the Firebug (level 6, -4/32 HPs)
             Began as a Deep Elf Fire Elementalist on Aug 24, 2023.
             Slain by a kobold brigand
             ... wielding a +0 short sword
              (6 damage)
             ... on level 6 of the Dungeon.
             The game lasted 00:04:36 (3237 turns).

funkygono the Firebug (Deep Elf Fire Elementalist)  Turns: 3237, Time: 00:04:37

Health: -4/32      AC:  2    Str:  5    XL:     6   Next: 3%
Magic:  2/15       EV: 13    Int: 22    God:
Gold:   109        SH:  0    Dex: 15    Spells: 8/14 levels left

rFire   . . .        k - +1 dagger (venom)
rCold   . . .        (no shield)
rNeg    . . .        a - +0 robe
rPois   .            (no helmet)
rElec   .            (no cloak)
rCorr   .            (no gloves)
SInv    .            (no boots)
Will    .....        (no amulet)
Stlth   ++           (no ring)
HPRegen 0.25/turn    (no ring)
MPRegen 0.14/turn

%: no passive effects
@: no status effects
A: no striking features
a: no special abilities


You were on level 6 of the Dungeon.
You visited 1 branch of the dungeon, and saw 4 of its levels.

You collected 109 gold pieces.

Inventory:

Hand Weapons
 h - the +11 spear of Victory {venom, Str+5 Int+3 Dex-4}
   (You found it on level 2 of the Dungeon)

   Str+5:     It affects your strength (+5).
   Int+3:     It affects your intelligence (+3).
   Dex-4:     It affects your dexterity (-4).
 k - a +1 dagger of venom (weapon)
Armour
 a - a +0 robe (worn)
Magical Staves
 e - a staff of death
Scrolls
 d - a scroll of enchant armour {unknown}
 f - 3 scrolls of identify {unknown}
 g - a scroll of poison {unknown}
 i - a scroll of fog {unknown}
 j - 7 scrolls of teleportation {unknown}
Potions
 b - a potion of magic
 c - a potion of lignification {unknown}
 l - a potion of attraction {unknown}


   Skills:
 + Level 0.2 Short Blades
 + Level 2.8 Dodging
 - Level 2.4 Stealth
 + Level 4.6 Spellcasting
 + Level 2.9 Conjurations
 + Level 5.9 Fire Magic


You had 8 spell levels left.
You knew the following spells:

 Your Spells              Type           Power      Damage    Failure   Level
a - Foxfire               Conj/Fire      96%        2x1d8     1%          1
b - Scorch                Fire           62%        2d7       1%          2
c - Volatile Blastmotes   Fire/Tloc      36%        2d13      9%          3

Your spell library contained the following spells:

 Spells                   Type           Power      Damage    Failure   Level
 Inner Flame              Hex/Fire       18%        N/A       10%         3
 Flame Wave               Conj/Fire      24%        2d8       17%         4


Dungeon Overview and Level Annotations

Branches:
Dungeon (3/15)

Altars:
Gozag

Shops:
D:2 [[


Message History

You feel sick.
You are no longer poisoned.
The kobold brigand closely misses you.
You hit the kobold brigand but do no damage.
The kobold brigand is poisoned.
The kobold brigand is lightly wounded.
The kobold brigand misses you.
An ogre comes into view. It is wielding a +0 giant club.
You closely miss the kobold brigand.
The ogre shouts!
You punch the kobold brigand, but do no damage.
The kobold brigand is lightly wounded.
The kobold brigand barely misses you.
You closely miss the kobold brigand.
The kobold brigand is lightly wounded.
The kobold brigand misses you.
You barely miss the kobold brigand.
The kobold brigand is lightly wounded.
You hit the kobold but do no damage.
The kobold is poisoned.
The kobold brigand barely misses you. The kobold hits you with a +0 dagger.
The gnoll closely misses you.
You hit the kobold.
The kobold looks as sick as possible!
The kobold is severely wounded.
You kill the kobold!
The kobold brigand hits you but does no damage.
An orc comes into view. It is wielding a +0 dagger.
The gnoll hits you from afar with a +0 spear.
The kobold brigand hits you with a +0 short sword!
The gnoll hits you with a +0 spear!
* * * LOW HITPOINT WARNING * * *
Things that are here:
a +0 dagger; a stone; a kobold corpse You completely miss the gnoll.
The kobold brigand hits you but does no damage.
The gnoll hits you with a +0 spear.
* * * LOW HITPOINT WARNING * * *
Unknown command.
You closely miss the gnoll.
The kobold brigand hits you with a +0 short sword.
You die...

##.##..##..##
...........
g........
....o..
.......
###g..KOo
#...# #K# #.#
#g# #)#####@#
#..)..K(#
#########
#.........
#.#####..# #.
.... # .###
.. .#


You could see a kobold brigand (poisoned), an ogre, a gnoll, 2 orcs and 2
kobolds.

Vanquished Creatures
  An ice beast (D:6)
  An orc wizard (D:3)
  5 gnolls
  3 adders
  3 worms (D:2)
  A dart slug (D:1)
  4 orcs
  10 endoplasms
  4 giant cockroaches
  4 goblins
  7 hobgoblins
  3 jackals (D:2)
  6 kobolds
  A quokka (D:2)
  6 ball pythons
  5 bats
  3 frilled lizards
  5 rats
72 creatures vanquished.

Vanquished Creatures (others)
  An angel (D:3)
  185 foxfires
186 creatures vanquished.

Grand Total: 258 creatures vanquished

Notes
Turn   | Place    | Note
-------+----------+-------------------------------------------
     0 | D:1      | funkygono the Deep Elf Fire Elementalist began the quest
                  | for the Orb.
     0 | D:1      | Reached XP level 1. HP: 10/10 MP: 6/6
   305 | D:1      | Reached XP level 2. HP: 9/15 MP: 5/8
   308 | D:1      | Learned a level 2 spell: Scorch
   789 | D:1      | Found a faded altar of an unknown god.
   902 | D:1      | Reached skill level 4 in Fire Magic
  1221 | D:1      | Reached XP level 3. HP: 19/19 MP: 6/10
  1487 | D:2      | Found Lucsuihudd's Antique Armour Emporium.
  1669 | D:2      | Identified the +11 spear of Victory {venom, Str+5 Int+3
                  | Dex-4}
  2244 | D:2      | Found Omnozu's Antique Armour Shop.
  2433 | D:2      | Reached XP level 4. HP: 17/24 MP: 1/11
  2438 | D:2      | Learned a level 3 spell: Volatile Blastmotes
  2934 | D:3      | Found an opulent altar of Gozag.
  2996 | D:3      | Killed an angel
  3109 | D:3      | Reached skill level 5 in Fire Magic
  3109 | D:3      | Reached XP level 5. HP: 22/28 MP: 8/13
  3186 | D:3      | You fall into a shaft and drop 3 floors!
  3221 | D:6      | Noticed an ice beast
  3227 | D:6      | Killed an ice beast
  3228 | D:6      | Reached XP level 6. HP: 25/32 MP: 0/15
  3237 | D:6      | Slain by a kobold brigand

Illustrated notes

Levels and vault maps discovered:
D:1:      minmay_arrival_wavy_path, layout_loops_corners,
          hellmonk_ecumenical_altar_run_dry
D:2:      layout_basic, serial_shops,
          nicolae_shop_temple_entry_statues_fountains, shop
D:3:      layout_loops_ring, grunt_temple_overflow_order_and_chaos_1,
          nicolae_overflow_hidden_temple
D:6:      layout_basic, serial_co_window_serial, co_window_paths_a,
          co_window_paths_b, co_window_paths_a, co_window_corner_a,
          co_window_paths_a, co_window_2corner, co_window_corner_b,
          co_window_of_opportunity_b, glass_columns_a, glass_columns_b,
          glass_columns_a, uniq_maggie

Skill      XL: |  1  2  3  4 |
---------------+-------------+-----
Fire Magic     | 4 5 |  5.9
Conjurations   | 2 |  2.9
Spellcasting   | 4 |  4.6
Short Blades   | |  0.2
Dodging        | |  2.8
Stealth        | |  2.4

Action                     |  1- 3 |  4- 6 || total
---------------------------+-------+-------++-------
  Melee: Unarmed           |     1 |       ||     1
         Dagger            |       |    26 ||    26
         Punch             |       |     1 ||     1
   Cast: Foxfire           |    81 |    36 ||   117
         Scorch            |    17 |     6 ||    23
         Volatile Blastmot |       |     1 ||     1
   Stab: Sleeping          |       |     1 ||     1
 Armour: Robe              |     1 |     5 ||     6
  Dodge: Dodged            |     7 |    21 ||    28

Table legend: (Time is in decaauts)
 A = Elapsed time spent in this place.
 B = Non-inter-level travel time spent in this place.
 C = Inter-level travel time spent in this place.
 D = Time resting spent in this place.
 E = Time spent auto-exploring this place.
 F = Levels seen in this place.
 G = Mean time per level.
                   A        B        C        D        E       F      G
               +--------+--------+--------+--------+--------+-----+--------+
         Total |   3234 |   3199 |     35 |      0 |   2764 |   4 |  808.5 |
       Dungeon |   3234 |   3199 |     35 |      0 |   2764 |   4 |  808.5 |
               +--------+--------+--------+--------+--------+-----+--------+

Top non-repeatable levels by time:
     D:1: 1456 daAuts
     D:2: 1403 daAuts
     D:3: 324 daAuts
     D:6: 50 daAuts
